Description

PvZ 2 adept Proxy Oracle into Archon Charge Pressure!

Lots of waves of aggression, oracle can be proxied for a more high risk, high reward version of the build, or built at home for a safer option (easier to defend all-ins with oracles/phoenix popping at home)

You can macro pretty hard off the back of this but it's all about making sure you get some very nice tempo going with the adepts, the oracles and then the archon drop. The easiest way to execute is to just all in with chargelots with the archons off 2 prisms. However I often just go into sentry stalker collossi behind this for a macro transition.

Replay - PvZ 2 adept Proxy Oracle into Archon Charge Pressure

Build Order

Get SALT Encoding   

  12  0:01  Probe  
  13  0:13  Probe  
  14  0:19  Pylon  
  14  0:25  Probe  
  15  0:37  Probe (Chrono Boost)  
  15  0:40  Gateway  
  16  0:49  Probe (Chrono Boost)  
  17  0:53  Assimilator  
  17  0:54  Probe (Chrono Boost)  
  18  1:03  Probe  
  19  1:16  Probe  
  20  1:25  Nexus  
  20  1:36  Cybernetics Core  
  20  1:39  Probe  
  21  1:43  Assimilator  
  21  1:51  Probe  
  22  2:04  Pylon  
  23  2:21  Adept (Chrono Boost)  
  26  2:25  Stargate  
  26  2:31  Warp Gate  
  27  2:40  Adept  
  35  3:08  Gateway  
  38  3:28  Oracle (Chrono Boost)  
  38  3:33  Adept (Chrono Boost)  
  40  3:37  Pylon x2  
  44  3:44  Pylon  
  44  3:55  Oracle (Chrono Boost)  
  44  4:00  Assimilator x2  
  48  4:03  Robotics Facility  
  52  4:29  Twilight Council  
  54  4:42  Gateway x2  
  55  4:48  Warp Prism (Chrono Boost), Adept x2  
  65  5:16  Templar Archives  
  66  5:24  Warp Prism  
  66  5:25  Charge  
  69  5:28  Nexus  
  70  5:53  High Templar x4  
  79  6:03  Gateway x3, Archon x2  
  79  6:10  Shield Battery x2  
  79  6:11  Gateway  
  79  6:45  Robotics Bay  
  79  6:49  Assimilator x2  
  79  7:23  Zealot x4  
  89  7:30  Colossus (Chrono Boost)  
  89  7:31  Psionic Storm  
  89  7:34  Forge  
  89  7:35  Blink  
  89  7:36  Zealot x4  
  103  7:49  Zealot x2  
  103  8:11  Stalker x2  
  107  8:13  Colossus (Chrono Boost)  
  105  8:26  Protoss Ground Weapons Level 1 (Chrono Boost)  
  97  8:29  Extended Thermal Lance (Chrono Boost)  
  97  8:34  High Templar x3  
  103  8:42  Gateway x2  
  111  8:54  Dark Shrine  
  107  9:11  High Templar x2  
  107  9:12  Stalker x5  
  121  9:31  Colossus (Chrono Boost)  
  127  9:42  Nexus  
  127  9:46  Assimilator x2  
Spawning Tool Build Advisor. Get it on Overwolf

Go to:

Details

  • Created by: PiG      
  • Published on: Jan 13, 2018
  • Patch: 4.0.0
Show
View Real Time Build Order
Export as new Build Order

Comments (0)

There are no comments. Be the first!

Create an account to comment!